Workbook
Name Industrial: Lists!$G$4:$G$7
Name Lifecycle: Lists!$K$3:$K$10
Name MSAs: Lists!$C$3:$C$29
Name Office: Lists!$F$4:$F$6
Name Other: Lists!$I$4:$I$9
Name PropType: Lists!$E$3:$I$3
Name Residential: Lists!$E$4:$E$9
Name Retail: Lists!$H$4:$H$6

Sheet Firm & Fund Overview
B2: NEPC Open-End Fund Request for Information | M2: Data as of: | N2: 46203 | R2: {=_xlfn.IFS(MONTH($F$23)<=3,YEAR($F$23)&1,MONTH($F$23)<=6,YEAR($F$23)&2,MONTH($F$23)<=9,YEAR($F$23)&3,MONTH($F$23)<=12,YEAR($F$23)&4)} -> 20171
B4: Important Information:
B5: ="1. Please enter all data as of "&TEXT($N$2,"MMMM DD, YYYY")&"." -> 1. Please enter all data as of June 30, 2026. | I5: Name of individual who completed RFI | L5: John Smith
B6: 2. Do not add, delete, or modify any rows or columns. | I6: Email address of individual | L6: jsmith@abc.com
B7: 3. Do not modify any cell formatting.
B8: 4. Please enter all dollars in millions unless otherwise indicated.
B10: Firm & Fund Overview | P10: Comments
A11: 1 | B11: Firm Overview | P11: Do not insert rows; please add comments or footnotes in this column or below row 127.
B13: Firm Name | D13: ABC Capital Management | I13: Firm Assets Under Management (AUM) | M13: 25000
B14: Firm Headquarters (City, State) | D14: Boston, MA | I14: Firm Real Estate AUM | M14: 11253.7
I15: Firm Private Real Estate AUM | M15: 9019.2
B16: Is Firm SEC Registered? | F16: Yes | I16: Firm Private Open-End Real Estate Fund AUM | M16: 7215.4
B17: Total Employees | F17: 107 | I17: Firm Private Closed-End Real Estate Fund AUM | M17: 1803.84
B18: Investment Professionals Dedicated to Private Real Estate | F18: 54 | I18: Firm Private Separate Account Real Estate AUM | M18: 0
A20: 2 | B20: Fund Information
B22: Fund Name | D22: ABC Core Fund | I22: Investor Type: | L22: Allowable Type? | M22: Percent
B23: Fund Inception Date | F23: 42771 | I23: Public Pension Plans | L23: Yes | M23: 0.46
I24: Endowments / Foundations | L24: Yes | M24: 0.11
B25: Current Entrance Queue | F25: 40 | I25: Corporate Pension Plans | L25: Yes | M25: 0.13
B26: Est. # of Quarters to Draw New Commitment | F26: 1 | I26: High Net Worth / Family Offices | L26: Yes | M26: 0
B27: Current Exit Queue | F27: 0 | I27: Insurance Firms | L27: Yes | M27: 0.07
B28: Est. # of Quarters to Meet New Redemption Request | F28: 2 | I28: Taft Hartley Plans | L28: Yes | M28: 0.19
I29: Other | L29: Yes | M29: 0.04
B30: Fund Strategy (select from drop-down) | D30: Core
B31: Fund Structure | D31: Delaware Limited Partnership | I31: Minimum Allowed Investment ($M) | M31: 0.5
B32: Name of Fund Portfolio Manager(s) | D32: Francis Scott | I32: Total Number of Investors in Fund | M32: 62
A34: 3 | B34: Fund Terms & Restrictions
B36: Fund Restrictions | E36: % of NAV | G36: Fund Valuation Policy
B37: Maximum Single Property Exposure | E37: 0.15 | G37: Internal or External Appraiser | K37: External
B38: Maximum Fund Leverage | E38: 0.35 | G38: Name of Appraiser | K38: Altus Group U.S., Inc.
B39: Maximum Non-Core Property Type Exposure | E39: 0.2 | G39: Is the Valuation Policy ASC 820 Compliant? | K39: Yes
B40: Maximum Development Exposure | E40: 0.15 | G40: % of Properties Externally Appraised Each Quarter | K40: 1
B41: Maximum Non-US Exposure | E41: N/A
B43: Fund Governance Policies
B44: Does the Firm or Fund have a Responsible Contractor Policy? | G44: Yes
B45: Does Fund Use Only Union Labor (Where Available) | G45: No
B46: Is the Manager of the Fund a Qualified Pension Asset Manager? | G46: Yes
B47: Please describe the level of responsibility: ERISA, Negligence, Gross/Simple, etc. | G47: Describe.
B48: Is the Fund an active member of GRESB? | G48: Yes
B49: Is the Firm a Signatory of PRI? | G49: Yes
B50: % of Properties with LEED Designation | G50: 1
B52: Fund Management and Incentive Fees
B53: Highest marketed institutional management fee | E53: 0.0125 | F53: Reflects the highest management fee an institutional investor would be charged.
B54: Basis for calculating management fee | E54: Net Asset Value
B55: Describe any fee breaks | E55: Describe fee breaks for size or other factors.
B56: Does the Fund have a performance fee? | E56: Yes
B57: Hurdle Rate (if any) | E57: 0.06
B58: Carried Interest | E58: 0.1
B59: Describe Performance Fee | E59: Describe incentive fee structure, if applicable. Include look-back period, clawback/high water mark, etc.
B60: Other Fees | E60: Describe (if applicable).
M62: Test

Sheet Fund-Level Data
B2: NEPC Open-End Fund Request for Information | M2: Data as of: | N2: 46203 | R2: {=_xlfn.IFS(MONTH($N$2)=3,YEAR($N$2)&1,MONTH($N$2)=6,YEAR($N$2)&2,MONTH($N$2)=9,YEAR($N$2)&3,MONTH($N$2)=12,YEAR($N$2)&4)} -> 20262
B4: Important Information:
B5: ="1. Please enter all data as of "&TEXT($N$2,"MMMM DD, YYYY")&"." -> 1. Please enter all data as of June 30, 2026.
B6: 2. Do not add, delete, or modify any rows or columns.
B7: 3. Do not modify any cell formatting.
B8: 4. Please enter all dollars in millions unless otherwise indicated.
B10: Fund-Level Data | P10: Comments
A11: 1 | B11: Fund Balance Sheet Information
D13: =E13-1 -> 2017 | E13: =F13-1 -> 2018 | F13: =G13-1 -> 2019 | G13: =H13-1 -> 2020 | H13: =I13-1 -> 2021 | I13: =J13-1 -> 2022 | J13: =K13-1 -> 2023 | K13: =L13-1 -> 2024 | L13: =YEAR($N$2)-1 -> 2025 | M13: {=_xlfn.IFS(MONTH($N$2)=3,"Q1 "&YEAR($N$2),MONTH($N$2)=6,"YTD "&YEAR($N$2),MONTH($N$2)=9,"YTD "&YEAR($N$2),MONTH($N$2)=12,YEAR($N$2))} -> YTD 2026 | N13: {=_xlfn.IFS(MONTH($N$2)=6,"Q2 "&YEAR($N$2),MONTH($N$2)=9,"Q3 "&YEAR($N$2),MONTH($N$2)=12,"Q4 "&YEAR($N$2),MONTH($N$2)=3,"")} -> Q2 2026
B14: Fund Gross Asset Value | D14: N/A | E14: N/A | F14: N/A | G14: N/A | H14: N/A | I14: N/A | J14: N/A | K14: N/A | L14: N/A | M14: N/A
B15: Fund Net Asset Value | D15: N/A | E15: N/A | F15: N/A | G15: N/A | H15: N/A | I15: N/A | J15: N/A | K15: N/A | L15: N/A | M15: N/A
B16: Cash & Cash Equivalents Balance | D16: N/A | E16: N/A | F16: N/A | G16: N/A | H16: N/A | I16: N/A | J16: N/A | K16: N/A | L16: N/A | M16: N/A
B17: Fund-Level Debt Outstanding | D17: N/A | E17: N/A | F17: N/A | G17: N/A | H17: N/A | I17: N/A | J17: N/A | K17: N/A | L17: N/A | M17: N/A
B18: Fund-Level Debt Capacity (Incl. Utilized) | D18: N/A | E18: N/A | F18: N/A | G18: N/A | H18: N/A | I18: N/A | J18: N/A | K18: N/A | L18: N/A | M18: N/A
B20: Avg. Consolidated Leverage Ratio | D20: N/A | E20: N/A | F20: N/A | G20: N/A | H20: N/A | I20: N/A | J20: N/A | K20: N/A | L20: N/A | M20: N/A
B21: Fixed Rate Debt Outstanding | D21: N/A | E21: N/A | F21: N/A | G21: N/A | H21: N/A | I21: N/A | J21: N/A | K21: N/A | L21: N/A | M21: N/A
B22: Floating Rate Debt Outstanding | D22: N/A | E22: N/A | F22: N/A | G22: N/A | H22: N/A | I22: N/A | J22: N/A | K22: N/A | L22: N/A | M22: N/A
B23: Weighted Average Interest Rate | D23: N/A | E23: N/A | F23: N/A | G23: N/A | H23: N/A | I23: N/A | J23: N/A | K23: N/A | L23: N/A | M23: N/A
B24: Aggregate Fund DSCR | D24: N/A | E24: N/A | F24: N/A | G24: N/A | H24: N/A | I24: N/A | J24: N/A | K24: N/A | L24: N/A | M24: N/A
B26: Redemptions Paid | D26: N/A | E26: N/A | F26: N/A | G26: N/A | H26: N/A | I26: N/A | J26: N/A | K26: N/A | L26: N/A | M26: N/A | N26: N/A
B27: Total Redemption Queue Size | D27: N/A | E27: N/A | F27: N/A | G27: N/A | H27: N/A | I27: N/A | J27: N/A | K27: N/A | L27: N/A | M27: N/A
B29: New Commitments Received | D29: N/A | E29: N/A | F29: N/A | G29: N/A | H29: N/A | I29: N/A | J29: N/A | K29: N/A | L29: N/A | M29: N/A | N29: N/A
B30: New Capital Drawn | D30: N/A | E30: N/A | F30: N/A | G30: N/A | H30: N/A | I30: N/A | J30: N/A | K30: N/A | L30: N/A | M30: N/A | N30: N/A
B31: Total Entry Queue Size | D31: N/A | E31: N/A | F31: N/A | G31: N/A | H31: N/A | I31: N/A | J31: N/A | K31: N/A | L31: N/A | M31: N/A
E33: =YEAR($N$2)+1 -> 2027 | F33: =E33+1 -> 2028 | G33: =F33+1 -> 2029 | H33: =G33+1 -> 2030 | I33: =H33+1 -> 2031 | J33: =I33+1 -> 2032 | K33: Later
B34: Upcoming Debt Maturities by Year ($) | E34: N/A | F34: N/A | G34: N/A | H34: N/A | I34: N/A | J34: N/A | K34: N/A
B35: Upcoming Debt Maturities by Year (%) | E35: =E34/SUM($E$34:$K$34) -> #VALUE! | F35: =F34/SUM($E$34:$K$34) -> #VALUE! | G35: =G34/SUM($E$34:$K$34) -> #VALUE! | H35: =H34/SUM($E$34:$K$34) -> #VALUE! | I35: =I34/SUM($E$34:$K$34) -> #VALUE! | J35: =J34/SUM($E$34:$K$34) -> #VALUE! | K35: =K34/SUM($E$34:$K$34) -> #VALUE!
A37: 2 | B37: Fund Performance
B39: Trailing Time Period (Annualized) | D39: ="Q1 "&YEAR($N$2) -> Q1 2026 | E39: ="Q2 "&YEAR($N$2) -> Q2 2026 | I39: 1 Year | J39: 3 Year | K39: 5 Year | L39: 10 Year | M39: Inception
B40: Income Return | D40: N/A | E40: N/A | I40: N/A | J40: N/A | K40: N/A | L40: N/A | M40: N/A
B41: Appreciation Return | D41: N/A | E41: N/A | I41: N/A | J41: N/A | K41: N/A | L41: N/A | M41: N/A
B42: Total, Gross of Fees | D42: N/A | E42: N/A | I42: N/A | J42: N/A | K42: N/A | L42: N/A | M42: N/A
B43: Total, Net of Fees | D43: N/A | E43: N/A | I43: N/A | J43: N/A | K43: N/A | L43: N/A | M43: N/A
B45: Calendar Year | D45: =E45-1 -> 2017 | E45: =F45-1 -> 2018 | F45: =G45-1 -> 2019 | G45: =H45-1 -> 2020 | H45: =I45-1 -> 2021 | I45: =J45-1 -> 2022 | J45: =K45-1 -> 2023 | K45: =L45-1 -> 2024 | L45: =YEAR($N$2)-1 -> 2025 | M45: {=_xlfn.IFS(MONTH($N$2)=3,"Q1 "&YEAR($N$2),MONTH($N$2)=6,"YTD "&YEAR($N$2),MONTH($N$2)=9,"YTD "&YEAR($N$2),MONTH($N$2)=12,YEAR($N$2))} -> YTD 2026 | N45: {=_xlfn.IFS(MONTH($N$2)=6,"Q2 "&YEAR($N$2),MONTH($N$2)=9,"Q3 "&YEAR($N$2),MONTH($N$2)=12,"Q4 "&YEAR($N$2),MONTH($N$2)=3,"")} -> Q2 2026
B46: Income Return | D46: N/A | E46: N/A | F46: N/A | G46: N/A | H46: N/A | I46: N/A | J46: N/A | K46: N/A | L46: N/A | M46: N/A | N46: N/A
B47: Appreciation Return | D47: N/A | E47: N/A | F47: N/A | G47: N/A | H47: N/A | I47: N/A | J47: N/A | K47: N/A | L47: N/A | M47: N/A | N47: N/A
B48: Debt Mark-to-Market Impact | D48: N/A | E48: N/A | F48: N/A | G48: N/A | H48: N/A | I48: N/A | J48: N/A | K48: N/A | L48: N/A | M48: N/A | N48: N/A
B49: Total, Gross of Fees | D49: N/A | E49: N/A | F49: N/A | G49: N/A | H49: N/A | I49: N/A | J49: N/A | K49: N/A | L49: N/A | M49: N/A | N49: N/A
B50: Total, Net of Fees | D50: N/A | E50: N/A | F50: N/A | G50: N/A | H50: N/A | I50: N/A | J50: N/A | K50: N/A | L50: N/A | M50: N/A | N50: N/A
B52: Unlevered Gross Property Return | D52: N/A | E52: N/A | F52: N/A | G52: N/A | H52: N/A | I52: N/A | J52: N/A | K52: N/A | L52: N/A | M52: N/A | N52: N/A
B53: Dividend Yield | D53: N/A | E53: N/A | F53: N/A | G53: N/A | H53: N/A | I53: N/A | J53: N/A | K53: N/A | L53: N/A | M53: N/A | N53: N/A
B55: Unlevered Gross Return by Property Type
B56: Residential | D56: N/A | E56: N/A | F56: N/A | G56: N/A | H56: N/A | I56: N/A | J56: N/A | K56: N/A | L56: N/A | M56: N/A | P56: Please use same definitions and categorizations as described in the next section (Fund Diversification).
B57: Office | D57: N/A | E57: N/A | F57: N/A | G57: N/A | H57: N/A | I57: N/A | J57: N/A | K57: N/A | L57: N/A | M57: N/A | P57: Please use same definitions and categorizations as described in the next section (Fund Diversification).
B58: Industrial | D58: N/A | E58: N/A | F58: N/A | G58: N/A | H58: N/A | I58: N/A | J58: N/A | K58: N/A | L58: N/A | M58: N/A | P58: Please use same definitions and categorizations as described in the next section (Fund Diversification).
B59: Retail | D59: N/A | E59: N/A | F59: N/A | G59: N/A | H59: N/A | I59: N/A | J59: N/A | K59: N/A | L59: N/A | M59: N/A | P59: Please use same definitions and categorizations as described in the next section (Fund Diversification).
B60: Other | D60: N/A | E60: N/A | F60: N/A | G60: N/A | H60: N/A | I60: N/A | J60: N/A | K60: N/A | L60: N/A | M60: N/A | P60: Please use same definitions and categorizations as described in the next section (Fund Diversification).
B62: % Leased by Property Type
B63: Residential | D63: N/A | E63: N/A | F63: N/A | G63: N/A | H63: N/A | I63: N/A | J63: N/A | K63: N/A | L63: N/A | M63: N/A | P63: Please use same definitions and categorizations as described in the next section (Fund Diversification).
B64: Office | D64: N/A | E64: N/A | F64: N/A | G64: N/A | H64: N/A | I64: N/A | J64: N/A | K64: N/A | L64: N/A | M64: N/A | P64: Please use same definitions and categorizations as described in the next section (Fund Diversification).
B65: Industrial | D65: N/A | E65: N/A | F65: N/A | G65: N/A | H65: N/A | I65: N/A | J65: N/A | K65: N/A | L65: N/A | M65: N/A | P65: Please use same definitions and categorizations as described in the next section (Fund Diversification).
B66: Retail | D66: N/A | E66: N/A | F66: N/A | G66: N/A | H66: N/A | I66: N/A | J66: N/A | K66: N/A | L66: N/A | M66: N/A | P66: Please use same definitions and categorizations as described in the next section (Fund Diversification).
B67: Other | D67: N/A | E67: N/A | F67: N/A | G67: N/A | H67: N/A | I67: N/A | J67: N/A | K67: N/A | L67: N/A | M67: N/A | P67: Please use same definitions and categorizations as described in the next section (Fund Diversification).
B68: Total Portfolio | D68: N/A | E68: N/A | F68: N/A | G68: N/A | H68: N/A | I68: N/A | J68: N/A | K68: N/A | L68: N/A | M68: N/A
A70: 3 | B70: Fund Diversification by Gross Asset Value (% by GAV)
D72: =E72-1 -> 2017 | E72: =F72-1 -> 2018 | F72: =G72-1 -> 2019 | G72: =H72-1 -> 2020 | H72: =I72-1 -> 2021 | I72: =J72-1 -> 2022 | J72: =K72-1 -> 2023 | K72: =L72-1 -> 2024 | L72: =YEAR($N$2)-1 -> 2025 | M72: {=_xlfn.IFS(MONTH($N$2)=3,"Q1 "&YEAR($N$2),MONTH($N$2)=6,"YTD "&YEAR($N$2),MONTH($N$2)=9,"YTD "&YEAR($N$2),MONTH($N$2)=12,YEAR($N$2))} -> YTD 2026
B73: Property Type (NCREIF classifications)
B74: Residential | D74: =IF(YEAR('Firm & Fund Overview'!$F$23)<='Fund-Level Data'!D72,SUM('Fund-Level Data'!D75:D80),"N/A") -> 0 | E74: =IF(YEAR('Firm & Fund Overview'!$F$23)<='Fund-Level Data'!E72,SUM('Fund-Level Data'!E75:E80),"N/A") -> 0 | F74: =IF(YEAR('Firm & Fund Overview'!$F$23)<='Fund-Level Data'!F72,SUM('Fund-Level Data'!F75:F80),"N/A") -> 0 | G74: =IF(YEAR('Firm & Fund Overview'!$F$23)<='Fund-Level Data'!G72,SUM('Fund-Level Data'!G75:G80),"N/A") -> 0 | H74: =IF(YEAR('Firm & Fund Overview'!$F$23)<='Fund-Level Data'!H72,SUM('Fund-Level Data'!H75:H80),"N/A") -> 0 | I74: =IF(YEAR('Firm & Fund Overview'!$F$23)<='Fund-Level Data'!I72,SUM('Fund-Level Data'!I75:I80),"N/A") -> 0 | J74: =IF(YEAR('Firm & Fund Overview'!$F$23)<='Fund-Level Data'!J72,SUM('Fund-Level Data'!J75:J80),"N/A") -> 0 | K74: =IF(YEAR('Firm & Fund Overview'!$F$23)<='Fund-Level Data'!K72,SUM('Fund-Level Data'!K75:K80),"N/A") -> 0 | ... M74: =IF(YEAR('Firm & Fund Overview'!$F$23)<='Fund-Level Data'!M72,SUM('Fund-Level Data'!M75:M80),"N/A") -> 0
B75: Student | D75: 0 | E75: 0 | F75: 0 | G75: 0 | H75: 0 | I75: 0 | J75: 0 | K75: 0 | L75: 0 | M75: 0 | P75: On- or off-campus purpose-built student housing
B76: Age Restricted Apartment | D76: 0 | E76: 0 | F76: 0 | G76: 0 | H76: 0 | I76: 0 | J76: 0 | K76: 0 | L76: 0 | M76: 0 | P76: For-rent housing restricted to residents aged 55 and above; excludes seniors housing
B77: Garden, Low-Rise, or Mid-Rise Apartment | D77: 0 | E77: 0 | F77: 0 | G77: 0 | H77: 0 | I77: 0 | J77: 0 | K77: 0 | L77: 0 | M77: 0 | P77: Fewer than 10 floors
B78: High-Rise Apartment | D78: 0 | E78: 0 | F78: 0 | G78: 0 | H78: 0 | I78: 0 | J78: 0 | K78: 0 | L78: 0 | M78: 0 | P78: Greater than 10 floors
B79: Manufactured Housing | D79: 0 | E79: 0 | F79: 0 | G79: 0 | H79: 0 | I79: 0 | J79: 0 | K79: 0 | L79: 0 | M79: 0
B80: Single Family Home Rentals | D80: 0 | E80: 0 | F80: 0 | G80: 0 | H80: 0 | I80: 0 | J80: 0 | K80: 0 | L80: 0 | M80: 0
B82: Office | D82: =IF(YEAR('Firm & Fund Overview'!$F$23)<='Fund-Level Data'!D72,SUM('Fund-Level Data'!D83:D85),"N/A") -> 0 | E82: =IF(YEAR('Firm & Fund Overview'!$F$23)<='Fund-Level Data'!E72,SUM('Fund-Level Data'!E83:E85),"N/A") -> 0 | F82: =IF(YEAR('Firm & Fund Overview'!$F$23)<='Fund-Level Data'!F72,SUM('Fund-Level Data'!F83:F85),"N/A") -> 0 | G82: =IF(YEAR('Firm & Fund Overview'!$F$23)<='Fund-Level Data'!G72,SUM('Fund-Level Data'!G83:G85),"N/A") -> 0 | H82: =IF(YEAR('Firm & Fund Overview'!$F$23)<='Fund-Level Data'!H72,SUM('Fund-Level Data'!H83:H85),"N/A") -> 0 | I82: =IF(YEAR('Firm & Fund Overview'!$F$23)<='Fund-Level Data'!I72,SUM('Fund-Level Data'!I83:I85),"N/A") -> 0 | J82: =IF(YEAR('Firm & Fund Overview'!$F$23)<='Fund-Level Data'!J72,SUM('Fund-Level Data'!J83:J85),"N/A") -> 0 | K82: =IF(YEAR('Firm & Fund Overview'!$F$23)<='Fund-Level Data'!K72,SUM('Fund-Level Data'!K83:K85),"N/A") -> 0 | ... M82: =IF(YEAR('Firm & Fund Overview'!$F$23)<='Fund-Level Data'!M72,SUM('Fund-Level Data'!M83:M85),"N/A") -> 0
B83: Medical | D83: 0 | E83: 0 | F83: 0 | G83: 0 | H83: 0 | I83: 0 | J83: 0 | K83: 0 | L83: 0 | M83: 0 | P83: 90% or more of occupied space is leased to medical tenants
B84: Life Science / Lab | D84: 0 | E84: 0 | F84: 0 | G84: 0 | H84: 0 | I84: 0 | J84: 0 | K84: 0 | L84: 0 | M84: 0
B85: Traditional Office | D85: 0 | E85: 0 | F85: 0 | G85: 0 | H85: 0 | I85: 0 | J85: 0 | K85: 0 | L85: 0 | M85: 0 | P85: Includes all other NCREIF sub-types (CBD, Urban, SBD, Suburban)
B87: Industrial | D87: =IF(YEAR('Firm & Fund Overview'!$F$23)<='Fund-Level Data'!D72,SUM('Fund-Level Data'!D88:D91),"N/A") -> 0 | E87: =IF(YEAR('Firm & Fund Overview'!$F$23)<='Fund-Level Data'!E72,SUM('Fund-Level Data'!E88:E91),"N/A") -> 0 | F87: =IF(YEAR('Firm & Fund Overview'!$F$23)<='Fund-Level Data'!F72,SUM('Fund-Level Data'!F88:F91),"N/A") -> 0 | G87: =IF(YEAR('Firm & Fund Overview'!$F$23)<='Fund-Level Data'!G72,SUM('Fund-Level Data'!G88:G91),"N/A") -> 0 | H87: =IF(YEAR('Firm & Fund Overview'!$F$23)<='Fund-Level Data'!H72,SUM('Fund-Level Data'!H88:H91),"N/A") -> 0 | I87: =IF(YEAR('Firm & Fund Overview'!$F$23)<='Fund-Level Data'!I72,SUM('Fund-Level Data'!I88:I91),"N/A") -> 0 | J87: =IF(YEAR('Firm & Fund Overview'!$F$23)<='Fund-Level Data'!J72,SUM('Fund-Level Data'!J88:J91),"N/A") -> 0 | K87: =IF(YEAR('Firm & Fund Overview'!$F$23)<='Fund-Level Data'!K72,SUM('Fund-Level Data'!K88:K91),"N/A") -> 0 | ... M87: =IF(YEAR('Firm & Fund Overview'!$F$23)<='Fund-Level Data'!M72,SUM('Fund-Level Data'!M88:M91),"N/A") -> 0
B88: Manufacturing | D88: 0 | E88: 0 | F88: 0 | G88: 0 | H88: 0 | I88: 0 | J88: 0 | K88: 0 | L88: 0 | M88: 0
B89: Warehouse | D89: 0 | E89: 0 | F89: 0 | G89: 0 | H89: 0 | I89: 0 | J89: 0 | K89: 0 | L89: 0 | M89: 0 | P89: General purpose or distribution warehouse
B90: Flex | D90: 0 | E90: 0 | F90: 0 | G90: 0 | H90: 0 | I90: 0 | J90: 0 | K90: 0 | L90: 0 | M90: 0 | P90: Flex industrial (including R&D or showroom)
B91: Specialized | D91: 0 | E91: 0 | F91: 0 | G91: 0 | H91: 0 | I91: 0 | J91: 0 | K91: 0 | L91: 0 | M91: 0 | P91: Cold/refrigerated storage, air cargo, truck terminals, or other
B93: Retail | D93: =IF(YEAR('Firm & Fund Overview'!$F$23)<='Fund-Level Data'!D72,SUM('Fund-Level Data'!D94:D96),"N/A") -> 0 | E93: =IF(YEAR('Firm & Fund Overview'!$F$23)<='Fund-Level Data'!E72,SUM('Fund-Level Data'!E94:E96),"N/A") -> 0 | F93: =IF(YEAR('Firm & Fund Overview'!$F$23)<='Fund-Level Data'!F72,SUM('Fund-Level Data'!F94:F96),"N/A") -> 0 | G93: =IF(YEAR('Firm & Fund Overview'!$F$23)<='Fund-Level Data'!G72,SUM('Fund-Level Data'!G94:G96),"N/A") -> 0 | H93: =IF(YEAR('Firm & Fund Overview'!$F$23)<='Fund-Level Data'!H72,SUM('Fund-Level Data'!H94:H96),"N/A") -> 0 | I93: =IF(YEAR('Firm & Fund Overview'!$F$23)<='Fund-Level Data'!I72,SUM('Fund-Level Data'!I94:I96),"N/A") -> 0 | J93: =IF(YEAR('Firm & Fund Overview'!$F$23)<='Fund-Level Data'!J72,SUM('Fund-Level Data'!J94:J96),"N/A") -> 0 | K93: =IF(YEAR('Firm & Fund Overview'!$F$23)<='Fund-Level Data'!K72,SUM('Fund-Level Data'!K94:K96),"N/A") -> 0 | ... M93: =IF(YEAR('Firm & Fund Overview'!$F$23)<='Fund-Level Data'!M72,SUM('Fund-Level Data'!M94:M96),"N/A") -> 0
B94: Street | D94: 0 | E94: 0 | F94: 0 | G94: 0 | H94: 0 | I94: 0 | J94: 0 | K94: 0 | L94: 0 | M94: 0 | P94: Storefront retail, including standalone retail buildings
B95: Strip | D95: 0 | E95: 0 | F95: 0 | G95: 0 | H95: 0 | I95: 0 | J95: 0 | K95: 0 | L95: 0 | M95: 0 | P95: Anchored or unanchored open-air shopping centers
B96: Mall | D96: 0 | E96: 0 | F96: 0 | G96: 0 | H96: 0 | I96: 0 | J96: 0 | K96: 0 | L96: 0 | M96: 0 | P96: Retail center providing a variety of goods and services.
B98: Other | D98: =IF(YEAR('Firm & Fund Overview'!$F$23)<='Fund-Level Data'!D72,SUM('Fund-Level Data'!D99:D104),"N/A") -> 0 | E98: =IF(YEAR('Firm & Fund Overview'!$F$23)<='Fund-Level Data'!E72,SUM('Fund-Level Data'!E99:E104),"N/A") -> 0 | F98: =IF(YEAR('Firm & Fund Overview'!$F$23)<='Fund-Level Data'!F72,SUM('Fund-Level Data'!F99:F104),"N/A") -> 0 | G98: =IF(YEAR('Firm & Fund Overview'!$F$23)<='Fund-Level Data'!G72,SUM('Fund-Level Data'!G99:G104),"N/A") -> 0 | H98: =IF(YEAR('Firm & Fund Overview'!$F$23)<='Fund-Level Data'!H72,SUM('Fund-Level Data'!H99:H104),"N/A") -> 0 | I98: =IF(YEAR('Firm & Fund Overview'!$F$23)<='Fund-Level Data'!I72,SUM('Fund-Level Data'!I99:I104),"N/A") -> 0 | J98: =IF(YEAR('Firm & Fund Overview'!$F$23)<='Fund-Level Data'!J72,SUM('Fund-Level Data'!J99:J104),"N/A") -> 0 | K98: =IF(YEAR('Firm & Fund Overview'!$F$23)<='Fund-Level Data'!K72,SUM('Fund-Level Data'!K99:K104),"N/A") -> 0 | ... M98: =IF(YEAR('Firm & Fund Overview'!$F$23)<='Fund-Level Data'!M72,SUM('Fund-Level Data'!M99:M104),"N/A") -> 0
B99: Hotel | D99: 0 | E99: 0 | F99: 0 | G99: 0 | H99: 0 | I99: 0 | J99: 0 | K99: 0 | L99: 0 | M99: 0
B100: Seniors Housing | D100: 0 | E100: 0 | F100: 0 | G100: 0 | H100: 0 | I100: 0 | J100: 0 | K100: 0 | L100: 0 | M100: 0 | P100: Does not include age-restricted un-serviced housing (which is within "Residential" above)
B101: Self-Storage | D101: 0 | E101: 0 | F101: 0 | G101: 0 | H101: 0 | I101: 0 | J101: 0 | K101: 0 | L101: 0 | M101: 0
B102: Data Centers | D102: 0 | E102: 0 | F102: 0 | G102: 0 | H102: 0 | I102: 0 | J102: 0 | K102: 0 | L102: 0 | M102: 0
B103: Land | D103: 0 | E103: 0 | F103: 0 | G103: 0 | H103: 0 | I103: 0 | J103: 0 | K103: 0 | L103: 0 | M103: 0
B104: Other | D104: 0 | E104: 0 | F104: 0 | G104: 0 | H104: 0 | I104: 0 | J104: 0 | K104: 0 | L104: 0 | M104: 0
B106: Geography (NCREIF Region)
B107: Northeast | D107: 0 | E107: 0 | F107: 0 | G107: 0 | H107: 0 | I107: 0 | J107: 0 | K107: 0 | L107: 0 | M107: 0
B108: Mideast | D108: 0 | E108: 0 | F108: 0 | G108: 0 | H108: 0 | I108: 0 | J108: 0 | K108: 0 | L108: 0 | M108: 0
B109: Southeast | D109: 0 | E109: 0 | F109: 0 | G109: 0 | H109: 0 | I109: 0 | J109: 0 | K109: 0 | L109: 0 | M109: 0
B110: East Central | D110: 0 | E110: 0 | F110: 0 | G110: 0 | H110: 0 | I110: 0 | J110: 0 | K110: 0 | L110: 0 | M110: 0
B111: West Central | D111: 0 | E111: 0 | F111: 0 | G111: 0 | H111: 0 | I111: 0 | J111: 0 | K111: 0 | L111: 0 | M111: 0
B112: Southwest | D112: 0 | E112: 0 | F112: 0 | G112: 0 | H112: 0 | I112: 0 | J112: 0 | K112: 0 | L112: 0 | M112: 0
B113: Mountain | D113: 0 | E113: 0 | F113: 0 | G113: 0 | H113: 0 | I113: 0 | J113: 0 | K113: 0 | L113: 0 | M113: 0
B114: Pacific | D114: 0 | E114: 0 | F114: 0 | G114: 0 | H114: 0 | I114: 0 | J114: 0 | K114: 0 | L114: 0 | M114: 0
B115: Other / International | D115: 0 | E115: 0 | F115: 0 | G115: 0 | H115: 0 | I115: 0 | J115: 0 | K115: 0 | L115: 0 | M115: 0
B117: Investment Strategy Lifecycle (NCREIF Classification)
B118: Operating | D118: 0 | E118: 0 | F118: 0 | G118: 0 | H118: 0 | I118: 0 | J118: 0 | K118: 0 | L118: 0 | M118: 0
B119: Leasing | D119: 0 | E119: 0 | F119: 0 | G119: 0 | H119: 0 | I119: 0 | J119: 0 | K119: 0 | L119: 0 | M119: 0
B120: Pre-Lease | D120: 0 | E120: 0 | F120: 0 | G120: 0 | H120: 0 | I120: 0 | J120: 0 | K120: 0 | L120: 0 | M120: 0
B121: Redevelopment | D121: 0 | E121: 0 | F121: 0 | G121: 0 | H121: 0 | I121: 0 | J121: 0 | K121: 0 | L121: 0 | M121: 0
B122: Development | D122: 0 | E122: 0 | F122: 0 | G122: 0 | H122: 0 | I122: 0 | J122: 0 | K122: 0 | L122: 0 | M122: 0
...

Sheet Altus Data
B2: NEPC Open-End Fund Request for Information | AA2: Data as of: | AB2: ='Fund-Level Data'!N2 -> 46203
B4: Important Information:
B5: 1. Please enter valuation data from Altus.
B6: ="2. Please enter all data as of "&TEXT($AB$2,"MMMM DD, YYYY")&"." -> 2. Please enter all data as of June 30, 2026.
B7: 3. Do not add, delete, or modify any columns. Add rows as necessary.
B8: 4. Please enter whole dollar amounts (not in millions).
B10: Altus Valuation Data Outputs
N11: Implied Cap Rate | P11: Implied Cash On Cash | U11: Average Rent Per SF
B12: Property Type | C12: NCREIF Region | D12: Property Name | E12: City,State | F12: Year Built | G12: Property Count | H12: NRA | I12: Value Conclusion | J12: Value Per SF/Unit | K12: Discount Rate | L12: Terminal Cap Rate | M12: Reversion Percent of DCF Value | N12: Yr1 | O12: 5-year Average | P12: Yr1 | Q12: 5-year Average | R12: Occupancy | S12: NRA Expiring Yrs 1-3 | T12: Average Remaining Lease Terms(yrs) | U12: Contract | V12: Market | W12: % Above/(Below) Market Rent | X12: 10-Yr Average Market Rent Growth | Y12: Total Expenses Per SF | Z12: Expense Growth | AA12: 10-Yr Average Capital Cost Ratio | AB12: Comments / Notes / Sources
A13: Example | B13: Multifamily | C13: Northeast | D13: Cambridge Apartment Portfolio | E13: Cambridge,MA | F13: 2002 | G13: 3 | H13: 224 | I13: 90720000 | J13: =I13/H13 -> 405000 | K13: 0.06 | L13: 0.05 | M13: 0.62 | N13: 0.042 | O13: 0.046 | P13: 0.0395 | Q13: 0.0503 | R13: 0.94 | S13: NM | T13: NM | U13: 2840 | V13: 2840 | W13: 0 | X13: 0.03 | Y13: 10000 | Z13: 0.03 | AA13: 0.005 | AB13: Altus
A14: Example | B14: Office | C14: Pacific | D14: Seattle Office Building | E14: Seattle,WA | F14: 1997 | G14: 1 | H14: 184000 | I14: 154560000 | J14: =I14/H14 -> 840 | K14: 0.065 | L14: 0.055 | M14: 0.68 | N14: 0.047 | O14: 0.052 | P14: 0.0505 | Q14: 0.0492 | R14: 0.87 | S14: 0.44 | T14: 5.65 | U14: 52 | V14: 55.5 | W14: -0.07 | X14: 0.03 | Y14: 22 | Z14: 0.03 | AA14: 0.01 | AB14: Altus
B90: Enter Additional Rows as Necessary

Sheet Additional Asset Data
B2: NEPC Open-End Fund Request for Information | T2: Data as of: | U2: ='Fund-Level Data'!N2 -> 46203
B4: Important Information:
B5: ="1. Please enter all data as of "&TEXT($U$2,"MMMM DD, YYYY")&"." -> 1. Please enter all data as of June 30, 2026.
B6: 2. Do not add, delete, or modify any columns. Add rows as necessary.
B7: 3. Please enter whole dollar amounts (not in millions).
B9: Property Overview | K9: Total Asset Level | S9: Fund Ownership Level
B10: Investment Name | C10: Acquisition Date | D10: Investment Lifecycle | E10: Property Type | F10: Property Sub-Type | G10: Sqft / Units | H10: City | I10: State | J10: Metropolitan Area | K10: Total Gross Cost Basis | L10: Total Current Gross Asset Value | M10: Property-Level Debt Outstanding | N10: Allocated Fund Leverage | O10: Debt Outstanding | P10: Debt Maturity Date | Q10: Current Net Asset Value | R10: Prior Quarter Net Asset Value | S10: Fund Ownership (% of Asset) | T10: Current Net Asset Value (to the Fund) | U10: Unlevered Gross IRR Since Inception
A11: Example | B11: Cambridge Apartment Portfolio | C11: 37742 | D11: Operating | E11: Residential | F11: Garden, Low-Rise, or Mid-Rise Apartment | G11: 224 | H11: Cambridge | I11: MA | J11: Boston-Cambridge-Newton, MA-NH | K11: 45024000 | L11: 90720000 | M11: 29030400 | N11: 0 | O11: 29030400 | P11: 45107 | Q11: 61689600 | R11: 60357105 | S11: 0.96 | T11: 59222016 | U11: 0.097654
A12: Example | B12: Seattle Office Building | C12: 41333 | D12: Leasing | E12: Office | F12: Medical | G12: 184000 | H12: Seattle | I12: WA | J12: Seattle-Tacoma-Bellevue, WA | K12: 92000000 | L12: 154560000 | M12: 0 | N12: 30912000 | O12: 30912000 | P12: 46265 | Q12: 123648000 | R12: 128068416 | S12: 1 | T12: 123648000 | U12: 0.1468027
B88: Enter Additional Rows as Necessary

Sheet Asset Disposition Information
B2: NEPC Open-End Fund Request for Information | T2: Data as of: | U2: ='Fund-Level Data'!N2 -> 46203
B4: Important Information:
B5: ="1. Please enter all asset dispositions for the past five years through "&TEXT($U$2,"MMMM DD, YYYY")&"." -> 1. Please enter all asset dispositions for the past five years through June 30, 2026.
B6: 2. Do not add, delete, or modify any columns. Add rows as necessary.
B7: 3. Please enter whole dollar amounts (not in millions).
B9: Property Overview | L9: Total Asset Level | R9: Fund Ownership Level
B10: Investment Name | C10: Year Built | D10: Acquisition Date | E10: Disposition Date | F10: Property Type | G10: Property Sub-Type | H10: Sqft / Units | I10: City | J10: State | K10: Metropolitan Area | L10: Total Gross Cost Basis | M10: Most Recent Appraisal Value | N10: Property Sale Price (Gross) | O10: Exit Cap Rate (Trailing 12 Months) | P10: Sale Price per Sqft/Unit | Q10: Debt Balance at Sale | R10: Total Net Equity Cost Basis for the Fund | S10: Total Capital Returned to the Fund (Net) | T10: Unlevered IRR to the Fund | U10: Levered IRR to the Fund
A11: Example | B11: Cambridge Apartment Portfolio | C11: 2002 | D11: 37742 | E11: 43708 | F11: Residential | G11: Garden, Low-Rise, or Mid-Rise Apartment | H11: 224 | I11: Cambridge | J11: MA | K11: Boston-Cambridge-Newton, MA-NH | L11: 45024000 | M11: 59500000 | N11: 57852000 | O11: 0.04375 | P11: =N11/H11 -> 258267.86 | Q11: 29030400 | R11: 18750000 | S11: =N11-Q11 -> 28821600 | T11: 0.071384151 | U11: 0.097654
A12: Example | B12: Seattle Office Building | C12: 1997 | D12: 41333 | E12: 44742 | F12: Office | G12: Medical | H12: 184000 | I12: Seattle | J12: WA | K12: Seattle-Tacoma-Bellevue, WA | L12: 92000000 | M12: 142500000 | N12: 144300000 | O12: 0.0582 | P12: =N12/H12 -> 784.23913 | Q12: 60912000 | R12: 72125000 | S12: =N12-Q12 -> 83388000 | T12: 0.17427536 | U12: 0.32483
B30: Enter Additional Rows as Necessary

Sheet Lists
C2: MSAs | E2: Property Type & Sub-Type | K2: Lifecycle
C3: Multiple | E3: Residential | F3: Office | G3: Industrial | H3: Retail | I3: Other | K3: Operating
C4: Other | E4: Student | F4: Medical | G4: Manufacturing | H4: Street | I4: Hotel | K4: Leasing
C5: Atlanta-Sandy Springs-Alpharetta, GA | E5: Age Restricted Apartment | F5: Life Science / Lab | G5: Warehouse | H5: Strip | I5: Seniors Housing | K5: Pre-Lease
C6: Baltimore-Columbia-Towson, MD | E6: Garden, Low-Rise, or Mid-Rise Apartment | F6: Traditional Office | G6: Flex | H6: Mall | I6: Self-Storage | K6: Redevelopment
C7: Boston-Cambridge-Newton, MA-NH | E7: High-Rise Apartment | G7: Specialized | I7: Data Centers | K7: Development
C8: Charlotte-Concord-Gastonia, NC-SC | E8: Manufactured Housing | I8: Land | K8: Land / Pre-Development
C9: Chicago-Naperville-Elgin, IL-IN-WI | E9: Single Family Home Rentals | I9: Other | K9: Debt
C10: Dallas-Fort Worth-Arlington, TX | K10: Other
C11: Denver-Aurora-Lakewood, CO
C12: Detroit-Warren-Ann Arbor, MI
C13: Houston-The Woodlands, TX
C14: Los Angeles-Long Beach-Anaheim, CA
C15: Miami-Fort Lauderdale-Pompano Beach, FL
C16: Minneapolis-St. Paul-Bloomington, MN-WI
C17: New York-Newark-Jersey City, NY-NJ-PA
C18: Orlando-Kissimmee-Sanford, FL
C19: Philadelphia-Camden-Wilmington, PA-NJ-DE-MD
C20: Phoenix-Mesa-Chandler, AZ
C21: Portland-Vancouver-Hillsboro, OR-WA
C22: Riverside-San Bernardino-Ontario, CA
... C29: Washington-Arlington-Alexandria, DC-VA-MD-WV
